 Dungeon Crawl Stone Soup version 0.29.0-4-gdea44cf6ec (webtiles) character file.

Game seed: 7292822669584371880

64 qw the Chopper (level 4, -18/26 HPs)
             Began as a Tengu Warper on Aug 28, 2022.
             Demolished by an ogre
             ... wielding a +0 giant club
              (22 damage)
             ... on level 4 of the Dungeon.
             The game lasted 00:00:12 (2412 turns).

qw the Chopper (Tengu Warper)                       Turns: 2412, Time: 00:00:13

Health: -18/26     AC:  6    Str: 13    XL:     4   Next: 12%
Magic:  8/8        EV:  7    Int: 14    God:
Gold:   156        SH:  8    Dex: 13    Spells: 7/7 levels left

rFire   . . .      SeeInvis .   Y - +0 hand axe
rCold   . . .      Faith    .   c - +0 kite shield
rNeg    . . .      Spirit   .   e - +0 scale mail
rPois   .          Reflect  .   (helmet restricted)
rElec   .          Harm     .   (no cloak)
rCorr   .          Rampage  .   (no gloves)
Will    .....                   (boots unavailable)
Stlth   +.........              i - amulet of regeneration
HPRegen 0.88/turn               (no ring)
MPRegen 0.11/turn               (no ring)

@: about to teleport
A: beak, talons 3, camouflage 1
a: no special abilities


You were on level 4 of the Dungeon.
You visited 1 branch of the dungeon, and saw 4 of its levels.

You collected 156 gold pieces.


Innate Abilities, Weirdness & Mutations

You have a beak for a mouth.
You have claws for feet.
Your skin changes colour to match your surroundings (Stealth+).


   Skills:
 - Level 2.0 Fighting
 - Level 4.0 Axes
 - Level 1.0 Throwing
 - Level 1.1 Armour
 - Level 2.1 Dodging
 + Level 1.9 Shields
 - Level 2.0 Spellcasting
 - Level 2.4 Translocations


You had 7 spell levels left.
You didn't know any spells.
Your spell library contained the following spells:

 Spells                   Type           Power      Damage    Failure   Level
 Blink                    Tloc           16%        N/A       91%         2
 Gell's Gravitas          Tloc           8%         N/A       99%         3
 Lesser Beckoning         Tloc           8%         N/A       99%         3
 Teleport Other           Tloc           8%         N/A       99%         3
 Manifold Assault         Tloc           8%         N/A       100%        5

Inventory:

Hand Weapons
 a - a +0 club
 Y - a +0 hand axe (weapon)
Armour
 c - a +0 kite shield (worn)
 e - a +0 scale mail (worn)
Jewellery
 i - an amulet of regeneration (around neck)
Scrolls
 j - a scroll of teleportation
Potions
 b - a potion of ambrosia {unknown}
 f - a potion of might {unknown}
 g - a potion of degeneration {unknown}
 h - a potion of mutation

Dungeon Overview and Level Annotations

Branches:
Dungeon (4/15)
 Temple: D:4-7

Altars:
Yredelemnul


Message History

2357 ||| DRINKING 2 fuming orange potions.
It was a potion of mutation.
You feel extremely strange.
Your skin functions as natural camouflage.
Done exploring.
2358 ||| DROPPING 2 potions of brilliance.
You drop 2 potions of brilliance.
Done exploring.
(D) Dungeon
Where to? (* - list waypoints, Enter - D:3, ? - help)
What level of the Dungeon? (default 1, ? - help)
There is a stone staircase leading down here.
You climb downwards.
Found a scroll labelled WOBLAGAISCH and a chain mail.
There is a stone staircase leading up here.
An orc is nearby!
Existing waypoints: (1) D:2 (2) D:3 Assign waypoint to what number? (0-9, D - delete waypoint) Waypoint 1 re-assigned from D:2 to D:4.
Enter note: You barely miss the orc.
Your kick misses the orc. The orc hits you with a +0 falchion.
You hit the orc. You claw the orc.
You kill the orc!
You start resting.
HP restored.
An ogre comes into view. It is wielding a +0 giant club.
The ogre shouts!
You see here a scroll labelled WOBLAGAISCH.
You feel a little less clever now.
You hit the ogre. You claw the ogre. You peck the ogre.
The ogre is heavily wounded.
The ogre hits you with a +0 giant club!!
Ouch! That really hurt!
2412 ||| READING 2 scrolls of teleportation.
As you read the scroll of teleportation, it crumbles to dust.
You feel strangely unstable.
The ogre hits you with a +0 giant club!!
Ouch! That really hurt!
You die...

##########
#........#
#........#
........#####
###.###<....##
#.....).##...#
#....O@........
........[###....
........... ..
.#..#.....#..
....#.....# ...
.#. #.....# ..
.....## #
####...


You could see an ogre.

Vanquished Creatures
  2 adders
  2 worms
  3 orcs
  6 ball pythons
  4 bats
  An endoplasm (D:1)
  3 giant cockroaches
  3 goblins
  3 hobgoblins
  A quokka (D:2)
  3 frilled lizards
  4 kobolds
  A rat (D:1)
36 creatures vanquished.

Vanquished Creatures (others)
  A fungus (D:2)
  A plant (D:2)
2 creatures vanquished.

Grand Total: 38 creatures vanquished

Notes
Turn   | Place    | Note
-------+----------+-------------------------------------------
     0 | D:1      | qw the Tengu Warper began the quest for the Orb.
     0 | D:1      | Reached XP level 1. HP: 12/12 MP: 4/4
     0 | D:1      | 0 ||| qw: Version: 0.1-a-89-g26bdef1
     0 | D:1      | 0 ||| qw: Game counter: 1145
     0 | D:1      | 0 ||| qw: Always use a shield: true
     0 | D:1      | 0 ||| qw: God list: Okawaru
     0 | D:1      | 0 ||| qw: Allow faded altars: false
     0 | D:1      | 0 ||| qw: Do Orc after D:15 true
     0 | D:1      | 0 ||| qw: Do second Lair branch before Depths: true
     0 | D:1      | 0 ||| qw: Lair rune preference: random
     0 | D:1      | 0 ||| qw: Plans: Normal
     0 | D:1      | 0 ||| PLANNING D:1-11
    28 | D:1      | You fall into a shaft and drop 1 floor!
    91 | D:2      | 91 ||| Stepping ~*~*~tactically~*~*~ (stealth).
   100 | D:2      | 100 ||| READING scroll labelled LIM BYAMPETECAOS.
   108 | D:2      | Reached skill level 3 in Axes
   108 | D:2      | Reached XP level 2. HP: 9/17 MP: 6/6
   265 | D:2      | 265 ||| DROPPING scroll of blinking.
   429 | D:2      | Found a faded altar of an unknown god.
   526 | D:2      | 526 ||| UPGRADING to +0 scale mail.
   536 | D:2      | 536 ||| DROPPING +0 leather armour.
   537 | D:2      | 537 ||| DRINKING 2 bubbling inky potions.
   567 | D:2      | 567 ||| DROPPING potion of lignification.
   725 | D:1      | Reached XP level 3. HP: 18/21 MP: 7/7
   730 | D:1      | 730 ||| Stepping ~*~*~tactically~*~*~ (stealth).
   734 | D:1      | 734 ||| Stepping ~*~*~tactically~*~*~ (stealth).
   937 | D:1      | Reached skill level 4 in Axes
  1110 | D:1      | 1110 ||| UPGRADING to +0 kite shield.
  1115 | D:1      | 1115 ||| UPGRADING to amulet of regeneration.
  1120 | D:1      | 1120 ||| DROPPING amulet of magic regeneration.
  1121 | D:1      | 1121 ||| READING scroll labelled DES TULUOTSO.
  1256 | D:2      | 1256 ||| Stepping ~*~*~tactically~*~*~ (stealth).
  1752 | D:3      | 1752 ||| Stepping ~*~*~tactically~*~*~ (stealth).
  1760 | D:3      | Reached skill level 1 in Shields
  1862 | D:3      | 1862 ||| Stepping ~*~*~tactically~*~*~ (stealth).
  1914 | D:3      | Reached XP level 4. HP: 26/26 MP: 8/8
  2261 | D:3      | Found a basalt altar of Yredelemnul.
  2356 | D:3      | 2356 ||| DRINKING 3 emerald potions.
  2357 | D:3      | 2357 ||| DRINKING 2 fuming orange potions.
  2357 | D:3      | Gained mutation: Your skin changes colour to match your
                  | surroundings (Stealth+). [potion of mutation]
  2358 | D:3      | 2358 ||| DROPPING 2 potions of brilliance.
  2405 | D:4      | Noticed an ogre
  2411 | D:4      | HP: 3/26 [ogre/+0 giant club (23)]
  2412 | D:4      | 2412 ||| READING 2 scrolls of teleportation.
  2412 | D:4      | Demolished by an ogre

Levels and vault maps discovered:
D:1:      wander_arrival_estate, layout_basic
D:2:      layout_basic, shapermc_ecumenical_altar_mp_urbaneastern
D:3:      layout_loops_ring, mainiacjoe_overflow_alcove_2, st_stairs_14
D:4:      layout_basic, uniq_robin, uniq_menkaure, uniq_edmund

Skill      XL: |  1  2  3 |
---------------+----------+-----
Axes           | 3 4 |  4.0
Shields        | 1 |  1.9
Fighting       | |  2.0
Throwing       | |  1.0
Armour         | |  1.1
Dodging        | |  2.1
Spellcasting   | |  2.0
Translocations | |  2.4

Action                   |  1- 3 |  4- 6 || total
-------------------------+-------+-------++-------
Melee: Hand axe          |    71 |    14 ||    85
       Kick              |    19 |     5 ||    24
       Peck              |     5 |     1 ||     6
Throw: Boomerang         |     7 |       ||     7
  Use: Scroll            |     2 |     1 ||     3
       Potion            |     1 |     2 ||     3
Armor: Leather armour    |     5 |       ||     5
       Scale mail        |    13 |     4 ||    17
Dodge: Dodged            |    25 |     2 ||    27
Block: Kite shield       |     4 |     3 ||     7

Table legend:
 A = Non-vault XP
 B = Vault XP
 C = Vault XP percentage of total XP
 D = Non-vault monster count
 E = Vault monster count
 F = Vault count percentage of total count
                 A         B        C        D         E       F
            +---------+---------+-------+---------+---------+-------
      Total |      91 |       1 |   1.1 |      35 |       1 |   2.8
            +---------+---------+-------+---------+---------+-------
        D:1 |      22 |       0 |   0.0 |      14 |       0 |   0.0
        D:2 |      33 |       0 |   0.0 |      11 |       0 |   0.0
        D:3 |      33 |       1 |   2.9 |       9 |       1 |  10.0
        D:4 |       3 |       0 |   0.0 |       1 |       0 |   0.0
            +---------+---------+-------+---------+---------+-------
